 Dungeon Crawl Stone Soup version 0.31.0-9-g3a7656b989 (webtiles) character file.

Game seed: 4173524096450854909

42 Arcadio the Firebug (level 3, -2/26 HPs)
             Began as a Draconian Fire Elementalist on Jan 24, 2024.
             Killed from afar by Natasha (6 damage)
             ... with a magic dart
             ... on level 2 of the Dungeon.
             The game lasted 00:03:34 (2060 turns).

Arcadio the Firebug (Draconian Fire Elementalist)   Turns: 2060, Time: 00:03:34

Health: -2/26      AC:  5    Str: 10    XL:     3   Next: 35%
Magic:  2/6        EV: 12    Int: 17    God:
Gold:   119        SH:  0    Dex: 11    Spells: 4/7 levels left

rFire   . . .        e - +0 dagger
rCold   . . .        (no shield)
rNeg    . . .        (body armour unavailable)
rPois   .            (helmet restricted)
rElec   .            (no cloak)
rCorr   .            (no gloves)
SInv    .            (no boots)
Will    .....        (no amulet)
Stlth   ++           (no ring)
HPRegen 0.24/turn    (no ring)
MPRegen 0.10/turn

%: no passive effects
@: no status effects
A: AC +5, unfitting armour, cold-blooded
a: no special abilities


You were on level 2 of the Dungeon.
You visited 1 branch of the dungeon, and saw 3 of its levels.

You collected 119 gold pieces.

Inventory:

Hand Weapons
 e - a +0 dagger (weapon)
Wands
 l - a wand of flame (20)
Scrolls
 b - a scroll of enchant armour {unknown}
 d - a scroll of teleportation {unknown}
 f - 2 scrolls of poison {unknown}
 g - a scroll of revelation {unknown}
 h - 3 scrolls of identify {unknown}
 j - a scroll of enchant weapon {unknown}
Potions
 a - a potion of magic
 c - a potion of haste {unknown}
 i - 2 potions of might {unknown}
 k - a potion of degeneration {unknown}
 m - a potion of heal wounds {unknown}


   Skills:
 + Level 2.4 Dodging
 - Level 1.7 Stealth
 + Level 2.6 Spellcasting
 - Level 1.0 Conjurations
 + Level 3.5 Fire Magic


You had 4 spell levels left.
You knew the following spells:

 Your Spells              Type           Power      Damage    Failure   Level
a - Foxfire               Conj/Fire      36%        2x1d5     8%          1
b - Scorch                Fire           28%        2d6       6%          2

Your spell library contained the following spells:

 Spells                   Type           Power      Damage    Failure   Level
 Inner Flame              Hex/Fire       8%         N/A       26%         3
 Volatile Blastmotes      Fire/Tloc      16%        2d11      26%         3
 Flame Wave               Conj/Fire      9%         2d6       58%         4


Dungeon Overview and Level Annotations

Branches:
Dungeon (3/15)

Altars:

Annotations:
D:2 Natasha


Innate Abilities, Weirdness & Mutations

Your plain brown scales are hard. (AC +5)
You cannot fit into any form of body armour.
You are cold-blooded and may be slowed by cold attacks.


Message History

There is a stone staircase leading down here.
You closely miss Natasha.
Natasha is heavily wounded.
Natasha is no longer more vulnerable to fire.
Natasha claws you.
You hit Natasha but do no damage.
Natasha is heavily wounded.
Natasha mumbles some strange words.
Casting: Scorch (safe; 6% risk of failure)
Confirm with . or Enter, or press ? or * to list all spells.
You don't have enough magic to cast this spell.
Unknown command.
You barely miss Natasha. You tail-slap Natasha.
Natasha is severely wounded.
Natasha barely misses you.
You hit Natasha.
Natasha is almost dead.
Natasha closely misses you. The cerulean imp barely misses you.
You closely miss Natasha.
Natasha is almost dead.
Natasha casts a spell.
The cerulean imp hits you from afar with a +2 spear.
You barely miss Natasha.
Natasha is almost dead.
Natasha stares at you and mumbles some strange words.
The magic dart hits you.
The cerulean imp hits you but does no damage.
You barely miss Natasha.
Natasha is almost dead.
Natasha claws you.
* * * LOW HITPOINT WARNING * * *
The cerulean imp hits you from afar with a +2 spear.
* * * LOW HITPOINT WARNING * * *
The cerulean imp hits you but does no damage.
You hit Natasha but do no damage.
Natasha is almost dead.
Natasha stares at you and mumbles some strange words.
The magic dart hits you.
You die...
Natasha curls up and begins to purr.

#.##.#.....#w# #.#
#.##.#.....#.# #.#
#.##.#.###.#.# #.#
#.##....##.#.###.####
#.##.....#.#.........
######.#........#.....####
#......#..55.......#.##
#.######.h.........#.# #.#
##@....######.###
#.#######..............#
#.##...##.#.######.###.#
#w##...)....#### #.# #.#
#.##...........# #.###.#
#.###..##.####.# #.....#
#.# #..##.# #.#####.###
########.###..##.#
#.........#
..............##.#
#######.#.#


You could see Natasha and 2 cerulean imps.

Vanquished Creatures
  An adder (D:2)
  A ribbon worm (D:2)
  2 ball pythons
  4 endoplasms (D:2)
  3 giant cockroaches
  5 goblins
  2 hobgoblins (D:2)
  2 quokkas
  2 bats (D:2)
  3 frilled lizards (D:2)
  A kobold (D:2)
  2 rats
28 creatures vanquished.

Vanquished Creatures (others)
  77 foxfires
77 creatures vanquished.

Grand Total: 105 creatures vanquished

Notes
Turn   | Place    | Note
-------+----------+-------------------------------------------
     0 | D:1      | Arcadio the Draconian Fire Elementalist began the quest for
                  | the Orb.
     0 | D:1      | Reached XP level 1. HP: 14/14 MP: 3/3
   936 | D:2      | Reached XP level 2. HP: 20/20 MP: 3/5
   942 | D:2      | Identified the +0 leather armour of Privacy {Harm rF+
                  | Str+3}
  1086 | D:2      | Learned a level 2 spell: Scorch
  1341 | D:2      | Reached XP level 3. HP: 26/26 MP: 3/6
  1610 | D:3      | Noticed Natasha
  2060 | D:2      | Killed from afar by Natasha

Illustrated notes

Levels and vault maps discovered:
D:1:      nicolae_arrival_somewhat_less_tricky_arrival, layout_basic,
          minmay_misc_feat_diagonals, lemuel_flame_loot_1
D:2:      layout_loops_ring
D:3:      cheibrodos_thug_alley, layout_basic, okawaru_metal_pillars_3,
          chequers_mini_garden, uniq_natasha, uniq_jessica, uniq_ijyb

Skill      XL: |  1 |
---------------+----+-----
Dodging        | 2 |  2.4
Stealth        | |  1.7
Spellcasting   | |  2.6
Conjurations   | |  1.0
Fire Magic     | |  3.5

Action                     || total
---------------------------++-------
  Melee: Unarmed           ||     6
         Dagger            ||    72
         Tailslap          ||     6
   Cast: Foxfire           ||    45
         Scorch            ||     2
 Armour: Skin              ||    59
  Dodge: Dodged            ||    52
